 Dungeon Crawl Stone Soup version 0.30-a0-469-g84de5afbc5 (webtiles) character file.

Game seed: 1636780044958267410

557 drugrobin the Conjurer (level 6, -3/51 HPs)
             Began as a Demigod Artificer on Dec 20, 2022.
             Shot with an arrow by a centaur (11 damage)
             ... on level 7 of the Dungeon.
             The game lasted 00:11:33 (2924 turns).

drugrobin the Conjurer (Demigod Artificer)          Turns: 2924, Time: 00:11:33

Health: -3/51      AC:  4    Str: 19 (21) XL:     6   Next: 81%
Magic:  14/14      EV: 15    Int: 11 (13) God:
Gold:   165        SH:  0    Dex: 11 (14) Spells: 11/12 levels left

rFire   . . .      SeeInvis .    a - +2 short sword (venom)
rCold   . . .      Faith    .    (no shield)
rNeg    . . .      Spirit   .    f - +0 leather armour
rPois   .          Reflect  .    (no helmet)
rElec   .          Harm     .    (no cloak)
rCorr   +          Rampage  .    r - +0 pair of gloves
Will    .....                    (no boots)
Stlth   +.........               (no amulet)
HPRegen 0.28/turn                v - +4 ring of evasion
MPRegen 0.14/turn                w - ring of resist corrosion

@: lethally poisoned (-3 -> -7), about to teleport
A: high MP 1, forlorn, divine attributes
a: no special abilities


You were on level 7 of the Dungeon.
You visited 1 branch of the dungeon, and saw 6 of its levels.

You collected 185 gold pieces.
You spent 20 gold pieces at shops.

Inventory:

Hand Weapons
 a - a +2 short sword of venom (weapon)
 C - a +0 quarterstaff
Missiles
 p - 2 boomerangs (quivered)
 u - 6 poisoned darts
 E - 2 throwing nets
Armour
 f - a +0 leather armour (worn)
 g - a +0 ring mail
 r - a +0 pair of gloves (worn)
Magical Staves
 b - a staff of air
 D - a staff of death
Jewellery
 v - a +4 ring of evasion (left hand)
 w - a ring of resist corrosion (right hand)
Wands
 c - a wand of flame (3)
 d - a wand of charming (11)
 e - a wand of iceblast (5)
 A - a wand of polymorph (7)
Scrolls
 i - a scroll of teleportation
 q - a scroll of poison
 x - 2 scrolls of identify
 B - a scroll of enchant armour {unknown}
Potions
 h - 2 potions of degeneration
 j - 2 potions of mutation {unknown}
 k - 3 potions of attraction
 n - a potion of flight {unknown}
 z - 2 potions of experience {unknown}


   Skills:
 - Level 3.2 Fighting
 - Level 1.7 Armour
 - Level 0.8 Dodging
 - Level 0.8 Stealth
 + Level 3.5 Spellcasting
 * Level 4.2 Conjurations
 - Level 2.6 Evocations


You had 11 spell levels left.
You knew the following spells:

 Your Spells              Type           Power      Damage    Failure   Level
a - Shock                 Conj/Air       24%        1d4       13%         1

Your spell library contained the following spells:

 Spells                   Type           Power      Damage    Failure   Level
 Dazzling Flash           Conj/Hex       12%        N/A       36%         3
 Stone Arrow              Conj/Erth      12%        3d7       36%         3
 Iskenderun's Mystic Bla  Conj/Tloc      6%         2d4       77%         4
 Iskenderun's Battlesphe  Conj           11%        2d7       82%         5
 Animate Armour           Summ/Erth      2%         N/A       96%         4
 Fireball                 Conj/Fire      3%         3d4       98%         5
 Conjure Ball Lightning   Conj/Air       3%         3x3d6     100%        6
 Starburst                Conj/Fire      3%         6d3       100%        6
 Orb of Destruction       Conj           5%         9d5       100%        7
 Lehudib's Crystal Spear  Conj/Erth      3%         10d2      100%        8


Dungeon Overview and Level Annotations

Branches:
Dungeon (7/15)             Temple (0/1) D:7

Shops:
D:3 *


Innate Abilities, Weirdness & Mutations

You have an increased reservoir of magic. (+10% MP)
You shall have no god before yourself.
Your divine heritage dramatically boosts your attributes as you level up.


Message History

A gnoll comes into view. It is wielding a +1 halberd of venom.
The gnoll shouts!
You hear a shout! x2
A centaur comes into view.
The orc wizard gestures at you while chanting.
The magic dart hits you.
* * * LOW HITPOINT WARNING * * *
Unknown command.
Unknown command.
A vampire comes into view.
The centaur wields a +0 shortbow.
The centaur shoots an arrow.
The arrow hits you.
* * * LOW HITPOINT WARNING * * *
You hear a shout!
Unknown command.
Unknown command.
Unknown command.
Unknown command.
Unknown command.
Unknown command.
Unknown command.
Unknown command.
As you read the scroll of fog, it crumbles to dust.
The scroll dissolves into smoke.
Found a stone staircase leading down.
The vampire gestures wildly while chanting.
The vampire flickers and vanishes!
Deactivating autopickup; reactivate with Ctrl-A.
Okay, then.
You feel better.
The gnoll hits you from afar with a +1 halberd of venom.
* * * LOW HITPOINT WARNING * * *
You are poisoned.
The centaur shoots an arrow.
The arrow misses you.
Unknown command.
Unknown command.
Unknown command.
As you read the scroll of teleportation, it crumbles to dust.
You feel strangely unstable.
You feel sick.
The centaur shoots an arrow.
The arrow hits you!
You die...

⌠,,,⌠,*,,**,,,,,,,,.......##...<)
,,,,,,*,,*,,,,,,,,........[......
*******+*#,,,,*,,,*........†.....
**8**,,,*..,,**,,,*#.#....##....#
+,,,+,,**.>.,**,∩,*#.#c......#..#
*8,8*,*,*....**,,,##...##...##...
*8,8*****.....***##§...#..####.##
*8,8**,,>......###g§....o....<.#*
**+***,,,......§@§c§.#.......g.#.
,,,,,*,,,......§##§§....o..oo....
,,,,,**,,##..{.##.§§....o........
,,,,,**,,........................
,,,,,,,,,....................##..
,,,,,,,,,....................##.#
,,,,,,,,,........................
,,,,,**,,..##.........$..........
**,,,,*,,,,,*,...#####........#..


You could see a centaur and a gnoll.

Vanquished Creatures
  An ice beast (D:6)
  A scorpion (D:7)
  An electric eel (D:7)
  A hound (D:3)
  4 adders
  A white imp (D:6)
  2 dart slugs
  6 orcs
  A ball python (D:3)
  3 bats
  6 endoplasms
  2 giant cockroaches
  9 goblins
  7 hobgoblins
  2 jackals (D:3)
  3 quokkas
  2 frilled lizards
  13 kobolds
  4 rats
69 creatures vanquished.

Vanquished Creatures (collateral kills)
  A gnoll sergeant (D:7)
  3 hounds (D:7)
  A gnoll bouda (D:7)
  4 gnolls (D:7)
9 creatures vanquished.

Vanquished Creatures (others)
  A fungus (D:3)
  13 plants (D:3)
14 creatures vanquished.

Grand Total: 92 creatures vanquished

Notes
Turn   | Place    | Note
-------+----------+-------------------------------------------
     0 | D:1      | drugrobin the Demigod Artificer began the quest for the
                  | Orb.
     0 | D:1      | Reached XP level 1. HP: 15/15 MP: 3/3
    29 | D:1      | Reached skill level 1 in Fighting
   161 | D:1      | Reached XP level 2. HP: 24/24 MP: 4/4
   920 | D:2      | Reached XP level 3. HP: 30/30 MP: 5/5
  1672 | D:3      | Reached skill level 1 in Spellcasting
  1742 | D:3      | Got Plato's Quarto of Weather
  1745 | D:3      | Learned a level 1 spell: Shock
  1763 | D:3      | Reached XP level 4. HP: 38/38 MP: 8/8
  1867 | D:3      | Found Hyovvaun's Assorted Antiques.
  1872 | D:3      | Bought a ruby potion for 20 gold pieces
  2661 | D:4      | You fall into a shaft and drop 3 floors!
  2676 | D:7      | Noticed an orc warrior
  2677 | D:7      | Reached skill level 1 in Conjurations
  2677 | D:7      | Reached XP level 5. HP: 38/45 MP: 11/11
  2699 | D:7      | Reached skill level 2 in Conjurations
  2714 | D:7      | Reached XP level 6. HP: 27/51 MP: 11/13
  2719 | D:7      | Reached skill level 3 in Conjurations
  2731 | D:7      | HP: 2/51 [gnoll/+1 antimagic spear (7)]
  2739 | D:6      | Reached skill level 4 in Conjurations
  2920 | D:7      | Noticed a vampire
  2924 | D:7      | Shot with an arrow by a centaur

Illustrated notes

Levels and vault maps discovered:
D:1:      lightli_molten_gateway, layout_loops_ring, minmay_tetromino_s4
D:2:      layout_loops_ring, basic_altar, grunt_decor_one_mirror,
          minmay_split_cup_large
D:3:      layout_basic, serial_shops, nicolae_shop_hallway_plus,
          shapermc_ecumenical_altar_rom_forum, serial_bayou_ford_a,
          nrook_loot_triangle
D:4:      layout_loops_ring, grunt_decor_resistance
D:6:      layout_cave_pools, uniq_menkaure
D:7:      minmay_chambers_of_sevens, layout_cave_pools,
          mainiacjoe_overflow_concentric_impassable,
          minmay_temple_entry_nine_rooms, enter_bailey_3, serial_gnoll_camp,
          gnoll_camp_mini_doghouse, gnoll_camp_mini_house, gnoll_camp_huts_moat,
          gnoll_camp_mini_basic, gnoll_camp_mini_shop

Skill      XL: |  1  2  3  4  5  6 |
---------------+-------------------+-----
Fighting       | 2 3 |  3.2
Spellcasting   | 1 2 3 |  3.5
Conjurations   | 1 2 4 |  4.2
Armour         | |  1.7
Dodging        | |  0.8
Stealth        | |  0.8
Evocations     | |  2.6

Action                   |  1- 3 |  4- 6 || total
-------------------------+-------+-------++-------
Melee: Whip              |   169 |       ||   169
       Staff             |     2 |    17 ||    19
       Punch             |     1 |     2 ||     3
       Short sword       |       |    79 ||    79
Throw: Boomerang         |     1 |     1 ||     2
 Cast: Shock             |       |     6 ||     6
Evoke: Wand              |     3 |    13 ||    16
  Use: Scroll            |       |     9 ||     9
       Potion            |       |     5 ||     5
 Stab: Sleeping          |     2 |       ||     2
Armor: Ring mail         |    64 |     1 ||    65
       Leather armour    |       |    12 ||    12
Dodge: Dodged            |    86 |    86 ||   172

Table legend: (Time is in decaauts)
 A = Elapsed time spent in this place.
 B = Non-inter-level travel time spent in this place.
 C = Inter-level travel time spent in this place.
 D = Time resting spent in this place.
 E = Time spent auto-exploring this place.
 F = Levels seen in this place.
 G = Mean time per level.
                   A        B        C        D        E       F      G
               +--------+--------+--------+--------+--------+-----+--------+
         Total |   2942 |   2816 |    126 |    280 |   1594 |   6 |  490.3 |
       Dungeon |   2942 |   2816 |    126 |    280 |   1594 |   6 |  490.3 |
               +--------+--------+--------+--------+--------+-----+--------+

Top non-repeatable levels by time:
     D:2: 943 daAuts
     D:3: 729 daAuts
     D:1: 691 daAuts
     D:4: 314 daAuts
     D:6: 172 daAuts
     D:7: 91 daAuts
